[ AOE2 MATCH · #483290599 ]
Team RMBritons vs Britons
[ REPLAY ANALYSIS · EXTRACTED FROM THE RECORDED GAME ]
Feudal
11:14
Castle
15:23
Imperial
33:19
| APM avg | 41.6 |
| APM peak | 101 |
| eAPM avg | 28.9 |
| Villagers / military | 188 / 3332 |
Focus
⚔️ 45.7% · 🌾 54.3%
Longbowman ×1989 · Spearman ×1284 · Trade Cart ×118 · Scorpion ×19 · Trebuchet (Packed) ×16 · Mangonel ×14
Feudal
10:16
Castle
18:15
Imperial
32:58
| APM avg | 56.5 |
| APM peak | 134 |
| eAPM avg | 44.3 |
| Villagers / military | 268 / 3264 |
Focus
⚔️ 65.0% · 🌾 35.0%
Spearman ×1254 · Longbowman ×787 · Archer ×734 · Skirmisher ×406 · Trade Cart ×93 · Trebuchet (Packed) ×59
Feudal
12:16
Castle
16:25
Imperial
38:16
| APM avg | 16.6 |
| APM peak | 176 |
| eAPM avg | 13.1 |
| Villagers / military | 142 / 703 |
Focus
⚔️ 49.0% · 🌾 51.0%
Steppe Lancer ×585 · Unknown (1908) ×101 · Scorpion ×71 · Scout Cavalry ×47 · Trade Cart ×38
Feudal
11:14
Castle
25:59
Imperial
34:02
| APM avg | 19.6 |
| APM peak | 80 |
| eAPM avg | 16.1 |
| Villagers / military | 195 / 1291 |
Focus
⚔️ 65.0% · 🌾 35.0%
Scout Cavalry ×786 · Spearman ×183 · Scorpion ×142 · Knight ×126 · Serjeant ×26 · Mangonel ×24
Feudal
12:49
Castle
17:29
Imperial
34:45
| APM avg | 49.6 |
| APM peak | 243 |
| eAPM avg | 41.6 |
| Villagers / military | 143 / 3562 |
Focus
⚔️ 70.7% · 🌾 29.3%
Leitis ×3042 · Scorpion ×145 · Bombard Cannon ×133 · Spearman ×127 · Trade Cart ×127 · Scout Cavalry ×95
Feudal
10:24
Castle
15:56
Imperial
33:21
| APM avg | 23.9 |
| APM peak | 63 |
| eAPM avg | 13.1 |
| Villagers / military | 208 / 2618 |
Focus
⚔️ 52.8% · 🌾 47.2%
Spearman ×1443 · Scout Cavalry ×685 · Knight ×455 · Trade Cart ×38 · Bombard Cannon ×13 · Mangonel ×9
Feudal
9:47
Castle
13:50
Imperial
46:32
| APM avg | 71.8 |
| APM peak | 141 |
| eAPM avg | 49.6 |
| Villagers / military | 462 / 2681 |
Focus
⚔️ 47.3% · 🌾 52.7%
Spearman ×1388 · Skirmisher ×383 · Militia ×267 · Cavalry Archer ×127 · Battering Ram ×125 · Hand Cannoneer ×124
Feudal
11:29
Castle
17:40
Imperial
29:33
| APM avg | 36.6 |
| APM peak | 85 |
| eAPM avg | 30.3 |
| Villagers / military | 279 / 3947 |
Focus
⚔️ 56.3% · 🌾 43.7%
Spearman ×3804 · Unknown (2550) ×2508 · Kamayuk ×73 · Battering Ram ×67 · Trade Cart ×63 · Monk ×1
Match map
Initial resources + every placement click. Lines = walls · curves = elevation contours. ◆ gold · ⬟ stone · ● berries · ✦ relic · ◌ wall gap
Your base· Open — unwalled flank
The Knight's base· Open — unwalled flank
西岸大法咒's base· Open — unwalled flank
juanem92's base· ✓ Closed at 25:59 · 67t walls · 1 gate(s) · fragile
Sky_二哥's base· Open — unwalled flank
二手煙's base· Open — unwalled flank
323180800's base· Open — unwalled flank
sinkhere's base· Open — unwalled flank
Smoothed initial terrain · ◌ = detected wall gap · hover for details
Inputs per minute
— FUfuu - - The Knight
Build order — FUfuu
First 150 of 1395 actions detected
| 0:01 | Create | Villager (Male) |
| 0:01 | Create | Villager (Male) |
| 0:02 | Create | Villager (Male) |
| 0:02 | Create | Villager (Male) |
| 0:02 | Create | Villager (Male) |
| 0:03 | Build | House |
| 0:07 | Build | House |
| 1:04 | Research | Loom |
| 1:22 | Create | Villager (Male) |
| 1:53 | Create | Villager (Male) |
| 2:06 | Create | Villager (Male) |
| 2:23 | Build | Lumber Camp |
| 2:39 | Create | Villager (Male) |
| 2:45 | Create | Villager (Male) |
| 3:34 | Create | Villager (Male) |
| 3:42 | Create | Villager (Male) |
| 4:05 | Build | House |
| 4:08 | Build | House |
| 4:09 | Build | House |
| 4:32 | Create | Villager (Male) |
| 4:40 | Create | Villager (Male) |
| 5:09 | Build | Mill |
| 5:11 | Create | Villager (Male) |
| 6:10 | Build | Palisade Wall |
| 6:19 | Create | Villager (Male) |
| 6:28 | Create | Villager (Male) |
| 6:36 | Create | Villager (Male) |
| 7:29 | Create | Villager (Male) |
| 7:49 | Build | Palisade Wall |
| 8:02 | Build | Palisade Wall |
| 8:05 | Create | Villager (Male) |
| 8:11 | Build | Mining Camp |
| 8:32 | Create | Villager (Male) |
| 8:39 | Build | Farm |
| 8:41 | Build | Farm |
| 8:41 | Create | Villager (Male) |
| 8:53 | Build | Palisade Wall |
| 9:04 | Research | Feudal Age |
| 9:14 | Create | Villager (Male) |
| 10:07 | Create | Villager (Male) |
| 11:14 | Age | Feudal Age |
| 11:18 | Build | Market |
| 11:20 | Build | Blacksmith |
| 12:19 | Build | Farm |
| 12:27 | Research | Town Watch |
| 12:43 | Research | Castle Age |
| 13:07 | Build | Stone Wall |
| 13:21 | Build | Stone Wall |
| 13:45 | Build | Stone Wall |
| 13:48 | Create | Villager (Male) |
| 14:53 | Build | House |
| 14:54 | Build | House |
| 15:01 | Build | Stone Wall |
| 15:05 | Create | Villager (Male) |
| 15:09 | Build | Farm |
| 15:13 | Research | Double-Bit Axe |
| 15:19 | Build | Farm |
| 15:23 | Age | Castle Age |
| 15:24 | Build | Farm |
| 15:37 | Build | Mining Camp |
| 15:46 | Build | Siege Workshop |
| 16:04 | Create | Villager (Male) |
| 16:20 | Create | Scorpion |
| 16:28 | Create | Villager (Male) |
| 16:43 | Build | House |
| 16:46 | Build | House |
| 17:01 | Create | Villager (Male) |
| 17:07 | Create | Villager (Male) |
| 17:35 | Build | Farm |
| 17:37 | Build | Farm |
| 17:49 | Build | Town Center |
| 18:02 | Create | Villager (Male) |
| 18:05 | Create | Villager (Male) |
| 18:29 | Create | Mangonel |
| 18:37 | Build | House |
| 18:38 | Build | House |
| 18:41 | Build | House |
| 18:43 | Create | Villager (Male) |
| 18:54 | Create | Villager (Male) |
| 19:10 | Create | Villager (Male) |
| 19:25 | Build | House |
| 19:29 | Build | Farm |
| 19:31 | Create | Scorpion |
| 19:38 | Create | Villager (Male) |
| 19:41 | Create | Villager (Male) |
| 19:42 | Create | Villager (Male) |
| 19:45 | Create | Villager (Male) |
| 19:54 | Build | Farm |
| 20:00 | Build | House |
| 20:06 | Create | Scorpion |
| 20:10 | Create | Villager (Male) |
| 20:15 | Create | Villager (Male) |
| 20:31 | Build | House |
| 20:43 | Research | Stone Mining |
| 20:44 | Create | Villager (Male) |
| 20:54 | Build | Farm |
| 21:05 | Build | House |
| 21:06 | Create | Villager (Male) |
| 21:13 | Build | Farm |
| 21:21 | Create | Villager (Male) |
| 21:30 | Build | Town Center |
| 21:36 | Create | Villager (Male) |
| 21:49 | Build | House |
| 21:52 | Build | House |
| 21:53 | Build | House |
| 21:56 | Build | House |
| 22:02 | Build | Farm |
| 22:07 | Create | Villager (Male) |
| 22:25 | Build | Farm |
| 22:27 | Create | Villager (Male) |
| 22:28 | Create | Villager (Male) |
| 22:29 | Create | Villager (Male) |
| 22:39 | Create | Villager (Male) |
| 22:48 | Build | Farm |
| 23:00 | Build | Castle |
| 23:03 | Create | Villager (Male) |
| 23:05 | Create | Villager (Male) |
| 23:11 | Build | Farm |
| 23:13 | Build | Farm |
| 23:16 | Build | Farm |
| 23:17 | Research | Horse Collar |
| 23:24 | Build | Farm |
| 23:25 | Create | Villager (Male) |
| 23:26 | Create | Villager (Male) |
| 23:34 | Create | Villager (Male) |
| 23:41 | Create | Villager (Male) |
| 23:51 | Build | Town Center |
| 23:53 | Create | Villager (Male) |
| 23:56 | Create | Villager (Male) |
| 24:10 | Build | House |
| 24:13 | Build | House |
| 24:15 | Build | House |
| 24:16 | Create | Villager (Male) |
| 24:21 | Create | Villager (Male) |
| 24:31 | Build | Farm |
| 24:51 | Build | Farm |
| 24:54 | Build | Farm |
| 24:56 | Create | Villager (Male) |
| 24:57 | Create | Villager (Male) |
| 24:59 | Build | Farm |
| 25:09 | Create | Villager (Male) |
| 25:09 | Create | Villager (Male) |
| 25:15 | Create | Villager (Male) |
| 25:29 | Create | Villager (Male) |
| 25:29 | Create | Villager (Male) |
| 25:42 | Create | Villager (Male) |
| 25:42 | Create | Villager (Male) |
| 25:46 | Build | House |
| 25:47 | Build | House |
| 25:48 | Build | House |
Build order — The Knight
First 150 of 4161 actions detected
| 0:03 | Create | Villager (Male) |
| 0:03 | Create | Villager (Male) |
| 0:04 | Build | House |
| 0:04 | Create | Villager (Male) |
| 0:05 | Create | Villager (Male) |
| 0:06 | Build | House |
| 1:22 | Create | Villager (Male) |
| 1:22 | Create | Villager (Male) |
| 1:51 | Create | Villager (Male) |
| 2:04 | Create | Villager (Male) |
| 2:51 | Create | Villager (Male) |
| 2:51 | Create | Villager (Male) |
| 3:42 | Build | House |
| 3:44 | Build | House |
| 4:45 | Create | Villager (Male) |
| 4:52 | Create | Villager (Male) |
| 4:52 | Create | Villager (Male) |
| 4:59 | Create | Villager (Male) |
| 4:59 | Create | Villager (Male) |
| 5:10 | Create | Villager (Male) |
| 5:10 | Create | Villager (Male) |
| 5:10 | Create | Villager (Male) |
| 5:24 | Create | Villager (Male) |
| 5:24 | Create | Villager (Male) |
| 5:52 | Build | Lumber Camp |
| 6:29 | Create | Villager (Male) |
| 6:36 | Create | Villager (Male) |
| 7:22 | Create | Villager (Male) |
| 7:27 | Research | Loom |
| 7:30 | Create | Villager (Male) |
| 7:36 | Build | Mill |
| 8:06 | Research | Feudal Age |
| 8:33 | Create | Villager (Male) |
| 8:33 | Create | Villager (Male) |
| 8:58 | Create | Villager (Male) |
| 8:58 | Create | Villager (Male) |
| 8:59 | Create | Villager (Male) |
| 8:59 | Create | Villager (Male) |
| 8:59 | Create | Villager (Male) |
| 8:59 | Create | Villager (Male) |
| 10:04 | Create | Villager (Male) |
| 10:09 | Build | Barracks |
| 10:16 | Age | Feudal Age |
| 10:19 | Create | Villager (Male) |
| 10:42 | Build | Palisade Wall |
| 10:55 | Build | Archery Range |
| 11:05 | Build | House |
| 11:06 | Build | House |
| 11:08 | Build | House |
| 11:12 | Create | Villager (Male) |
| 11:12 | Create | Villager (Male) |
| 11:20 | Build | Mining Camp |
| 11:37 | Create | Villager (Male) |
| 11:43 | Create | Archer |
| 11:43 | Create | Archer |
| 11:46 | Create | Spearman |
| 11:58 | Create | Villager (Male) |
| 12:01 | Create | Villager (Male) |
| 12:22 | Create | Villager (Male) |
| 12:30 | Create | Villager (Male) |
| 12:32 | Create | Archer |
| 12:42 | Create | Villager (Male) |
| 12:58 | Create | Archer |
| 13:07 | Create | Villager (Male) |
| 13:07 | Create | Villager (Male) |
| 13:10 | Create | Archer |
| 13:37 | Create | Villager (Male) |
| 13:38 | Create | Villager (Male) |
| 13:41 | Build | Lumber Camp |
| 13:50 | Create | Villager (Male) |
| 14:23 | Build | House |
| 14:26 | Build | Blacksmith |
| 15:09 | Build | Palisade Wall |
| 15:12 | Build | Palisade Wall |
| 15:35 | Research | Castle Age |
| 15:42 | Build | Archery Range |
| 16:06 | Research | Double-Bit Axe |
| 16:18 | Build | House |
| 16:20 | Build | House |
| 17:24 | Research | Horse Collar |
| 17:54 | Create | Villager (Male) |
| 17:54 | Create | Villager (Male) |
| 18:15 | Age | Castle Age |
| 18:21 | Build | Town Center |
| 18:25 | Create | Villager (Male) |
| 18:25 | Create | Villager (Male) |
| 18:28 | Build | Town Center |
| 18:46 | Build | House |
| 18:48 | Build | House |
| 18:49 | Build | House |
| 18:51 | Build | House |
| 18:53 | Build | House |
| 18:54 | Build | House |
| 18:55 | Build | House |
| 19:04 | Create | Villager (Male) |
| 19:05 | Build | Farm |
| 19:14 | Build | Farm |
| 19:32 | Create | Villager (Male) |
| 19:32 | Create | Villager (Male) |
| 19:35 | Build | Farm |
| 19:37 | Build | Farm |
| 19:40 | Build | Farm |
| 19:44 | Build | Farm |
| 19:48 | Build | Farm |
| 20:10 | Create | Villager (Male) |
| 20:11 | Create | Villager (Male) |
| 20:12 | Build | Farm |
| 20:14 | Build | Farm |
| 20:19 | Build | Farm |
| 20:25 | Create | Villager (Male) |
| 20:25 | Create | Villager (Male) |
| 20:42 | Build | Mining Camp |
| 20:47 | Create | Villager (Male) |
| 20:48 | Create | Villager (Male) |
| 20:50 | Build | Farm |
| 20:57 | Build | Farm |
| 21:10 | Create | Villager (Male) |
| 21:15 | Create | Villager (Male) |
| 21:16 | Build | Farm |
| 21:37 | Build | Farm |
| 21:39 | Build | Farm |
| 21:41 | Build | Farm |
| 21:42 | Create | Villager (Male) |
| 21:47 | Build | Farm |
| 22:03 | Create | Villager (Male) |
| 22:05 | Create | Villager (Male) |
| 22:08 | Build | Farm |
| 22:24 | Create | Villager (Male) |
| 22:29 | Create | Villager (Male) |
| 22:32 | Build | Farm |
| 22:43 | Build | House |
| 22:45 | Build | House |
| 22:53 | Build | University |
| 22:55 | Create | Villager (Male) |
| 22:56 | Create | Villager (Male) |
| 22:58 | Create | Villager (Male) |
| 23:01 | Build | Farm |
| 23:06 | Create | Villager (Male) |
| 23:10 | Create | Villager (Male) |
| 23:12 | Create | Villager (Male) |
| 23:25 | Build | Farm |
| 23:30 | Create | Villager (Male) |
| 23:43 | Build | Farm |
| 23:47 | Build | Farm |
| 23:53 | Build | Farm |
| 23:54 | Create | Villager (Male) |
| 23:56 | Create | Villager (Male) |
| 24:04 | Build | Farm |
| 24:13 | Create | Villager (Male) |
| 24:16 | Build | Farm |
Build order — 西岸大法咒
First 150 of 1178 actions detected
| 0:09 | Build | House |
| 0:11 | Build | House |
| 0:12 | Create | Villager (Male) |
| 0:12 | Create | Villager (Male) |
| 0:12 | Create | Villager (Male) |
| 0:13 | Create | Villager (Male) |
| 0:13 | Create | Villager (Male) |
| 2:04 | Create | Villager (Male) |
| 2:04 | Create | Villager (Male) |
| 2:05 | Create | Villager (Male) |
| 2:42 | Build | Lumber Camp |
| 2:53 | Create | Villager (Male) |
| 2:54 | Create | Villager (Male) |
| 3:32 | Create | Villager (Male) |
| 3:33 | Create | Villager (Male) |
| 4:12 | Create | Villager (Male) |
| 4:13 | Create | Villager (Male) |
| 4:18 | Build | House |
| 4:19 | Build | House |
| 4:42 | Create | Villager (Male) |
| 5:25 | Build | Mill |
| 6:41 | Create | Villager (Male) |
| 6:41 | Create | Villager (Male) |
| 6:42 | Create | Villager (Male) |
| 6:42 | Create | Villager (Male) |
| 6:52 | Build | Mining Camp |
| 7:15 | Build | Mining Camp |
| 8:01 | Create | Villager (Male) |
| 8:02 | Create | Villager (Male) |
| 8:03 | Create | Villager (Male) |
| 8:25 | Create | Villager (Male) |
| 8:26 | Create | Villager (Male) |
| 9:09 | Build | House |
| 9:10 | Build | House |
| 9:11 | Build | House |
| 9:13 | Build | House |
| 9:58 | Research | Feudal Age |
| 9:58 | Research | Feudal Age |
| 10:14 | Create | Villager (Male) |
| 10:15 | Create | Villager (Male) |
| 11:22 | Build | Farm |
| 11:28 | Build | Farm |
| 11:32 | Build | Farm |
| 12:16 | Age | Feudal Age |
| 12:23 | Build | Market |
| 12:46 | Build | Blacksmith |
| 13:12 | Build | Farm |
| 13:45 | Research | Castle Age |
| 14:26 | Research | Double-Bit Axe |
| 15:17 | Build | Farm |
| 15:24 | Build | Farm |
| 15:28 | Research | Horse Collar |
| 15:38 | Build | House |
| 16:09 | Build | Farm |
| 16:24 | Build | Farm |
| 16:25 | Age | Castle Age |
| 16:34 | Build | Town Center |
| 16:39 | Build | House |
| 16:51 | Build | Town Center |
| 16:53 | Create | Villager (Male) |
| 16:54 | Create | Villager (Male) |
| 16:54 | Create | Villager (Male) |
| 17:25 | Build | House |
| 17:29 | Create | Villager (Male) |
| 17:29 | Create | Villager (Male) |
| 18:03 | Build | House |
| 18:07 | Create | Villager (Male) |
| 18:20 | Create | Villager (Male) |
| 18:20 | Create | Villager (Male) |
| 18:27 | Build | Farm |
| 18:29 | Build | Farm |
| 18:43 | Build | House |
| 18:44 | Build | House |
| 18:52 | Create | Villager (Male) |
| 18:59 | Build | Farm |
| 19:01 | Build | Farm |
| 19:09 | Build | Farm |
| 19:25 | Create | Villager (Male) |
| 19:28 | Create | Villager (Male) |
| 19:42 | Build | Farm |
| 19:48 | Create | Villager (Male) |
| 19:55 | Build | House |
| 19:56 | Build | House |
| 20:02 | Create | Villager (Male) |
| 20:10 | Build | Farm |
| 20:12 | Build | Farm |
| 20:16 | Build | Farm |
| 20:17 | Build | Farm |
| 20:18 | Create | Villager (Male) |
| 20:39 | Research | Bow Saw |
| 21:10 | Create | Villager (Male) |
| 21:10 | Create | Villager (Male) |
| 23:02 | Create | Villager (Male) |
| 23:02 | Create | Villager (Male) |
| 23:04 | Create | Villager (Male) |
| 23:04 | Create | Villager (Male) |
| 23:08 | Create | Villager (Male) |
| 23:08 | Create | Villager (Male) |
| 23:18 | Build | Siege Workshop |
| 24:45 | Create | Villager (Male) |
| 24:46 | Create | Villager (Male) |
| 24:46 | Create | Villager (Male) |
| 25:01 | Create | Villager (Male) |
| 25:02 | Create | Villager (Male) |
| 25:03 | Create | Villager (Male) |
| 25:12 | Build | Farm |
| 25:13 | Build | Farm |
| 25:19 | Create | Villager (Male) |
| 25:20 | Create | Villager (Male) |
| 25:34 | Build | House |
| 25:40 | Create | Villager (Male) |
| 25:40 | Create | Villager (Male) |
| 25:44 | Create | Villager (Male) |
| 25:44 | Create | Villager (Male) |
| 25:48 | Create | Villager (Male) |
| 26:06 | Create | Villager (Male) |
| 26:06 | Create | Villager (Male) |
| 26:11 | Build | Farm |
| 26:12 | Build | Farm |
| 26:13 | Build | Farm |
| 26:21 | Build | House |
| 26:40 | Build | Castle |
| 26:44 | Create | Villager (Male) |
| 26:44 | Create | Villager (Male) |
| 26:44 | Create | Villager (Male) |
| 26:47 | Create | Villager (Male) |
| 26:47 | Create | Villager (Male) |
| 26:53 | Build | Farm |
| 26:54 | Build | Farm |
| 26:55 | Build | Farm |
| 27:14 | Create | Villager (Male) |
| 27:14 | Create | Villager (Male) |
| 27:18 | Create | Villager (Male) |
| 27:19 | Create | Villager (Male) |
| 27:24 | Create | Villager (Male) |
| 27:24 | Create | Villager (Male) |
| 27:32 | Build | House |
| 27:33 | Build | House |
| 27:35 | Build | House |
| 27:44 | Research | Gold Mining |
| 27:53 | Create | Scorpion |
| 27:58 | Create | Villager (Male) |
| 28:01 | Create | Villager (Male) |
| 28:06 | Create | Villager (Male) |
| 28:17 | Build | Farm |
| 28:18 | Build | Farm |
| 28:26 | Create | Villager (Male) |
| 28:30 | Create | Villager (Male) |
| 28:30 | Create | Villager (Male) |
| 28:43 | Research | Heavy Plow |
Build order — juanem92
First 150 of 2022 actions detected
| 0:01 | Create | Villager (Male) |
| 0:02 | Create | Villager (Male) |
| 0:02 | Create | Villager (Male) |
| 0:03 | Build | House |
| 0:05 | Build | House |
| 0:49 | Create | Villager (Male) |
| 1:32 | Create | Villager (Male) |
| 2:08 | Create | Villager (Male) |
| 2:13 | Build | Lumber Camp |
| 2:21 | Create | Villager (Male) |
| 2:45 | Create | Villager (Male) |
| 3:09 | Create | Villager (Male) |
| 3:15 | Build | House |
| 3:16 | Build | House |
| 3:43 | Create | Villager (Male) |
| 3:52 | Create | Villager (Male) |
| 4:59 | Create | Villager (Male) |
| 4:59 | Create | Villager (Male) |
| 4:59 | Create | Villager (Male) |
| 5:25 | Create | Villager (Male) |
| 6:17 | Create | Villager (Male) |
| 6:17 | Create | Villager (Male) |
| 6:31 | Create | Villager (Male) |
| 7:05 | Build | Mill |
| 7:38 | Create | Villager (Male) |
| 8:06 | Create | Villager (Male) |
| 8:20 | Build | Mining Camp |
| 8:39 | Create | Villager (Male) |
| 8:47 | Research | Feudal Age |
| 9:42 | Build | House |
| 9:44 | Build | House |
| 10:20 | Create | Villager (Male) |
| 10:20 | Create | Villager (Male) |
| 11:09 | Create | Villager (Male) |
| 11:14 | Age | Feudal Age |
| 11:14 | Research | Double-Bit Axe |
| 11:16 | Research | Horse Collar |
| 12:14 | Create | Villager (Male) |
| 12:14 | Create | Villager (Male) |
| 12:40 | Build | Mining Camp |
| 13:10 | Build | Donjon |
| 13:27 | Create | Villager (Male) |
| 13:27 | Create | Villager (Male) |
| 13:31 | Build | Farm |
| 13:31 | Build | Farm |
| 13:32 | Build | Farm |
| 13:32 | Build | Farm |
| 13:32 | Build | Farm |
| 13:32 | Build | Farm |
| 13:33 | Build | Farm |
| 13:33 | Build | Farm |
| 14:14 | Research | Loom |
| 15:49 | Create | Villager (Male) |
| 15:49 | Create | Villager (Male) |
| 15:49 | Create | Villager (Male) |
| 15:49 | Create | Villager (Male) |
| 15:50 | Create | Villager (Male) |
| 16:30 | Create | Villager (Male) |
| 16:32 | Build | Farm |
| 16:35 | Build | Farm |
| 16:55 | Build | Farm |
| 17:25 | Build | Market |
| 17:27 | Build | House |
| 17:29 | Build | House |
| 17:34 | Create | Villager (Male) |
| 17:44 | Build | Farm |
| 17:49 | Build | House |
| 17:50 | Build | House |
| 18:01 | Build | Farm |
| 18:02 | Create | Villager (Male) |
| 18:03 | Create | Villager (Male) |
| 18:35 | Build | Farm |
| 18:38 | Create | Villager (Male) |
| 18:58 | Build | Farm |
| 19:19 | Build | Stone Wall |
| 19:25 | Build | Farm |
| 19:58 | Build | Farm |
| 19:59 | Create | Villager (Male) |
| 19:59 | Create | Villager (Male) |
| 19:59 | Create | Villager (Male) |
| 20:26 | Build | Farm |
| 20:30 | Create | Villager (Male) |
| 20:30 | Create | Villager (Male) |
| 20:30 | Create | Villager (Male) |
| 20:31 | Create | Villager (Male) |
| 20:37 | Build | Farm |
| 21:01 | Build | Stone Wall |
| 21:07 | Build | Farm |
| 21:10 | Create | Villager (Male) |
| 21:16 | Build | Farm |
| 21:24 | Build | Blacksmith |
| 21:32 | Build | Lumber Camp |
| 22:18 | Research | Castle Age |
| 22:38 | Research | Gold Mining |
| 22:59 | Build | Gate |
| 23:26 | Research | Stone Mining |
| 24:52 | Build | House |
| 25:14 | Create | Villager (Male) |
| 25:15 | Create | Villager (Male) |
| 25:15 | Create | Villager (Male) |
| 25:59 | Age | Castle Age |
| 26:04 | Build | Town Center |
| 26:09 | Create | Villager (Male) |
| 26:10 | Create | Villager (Male) |
| 26:20 | Build | Town Center |
| 26:24 | Research | Heavy Plow |
| 26:27 | Research | Bow Saw |
| 26:49 | Build | Castle |
| 26:53 | Build | Mining Camp |
| 27:05 | Build | Town Center |
| 27:09 | Create | Villager (Male) |
| 27:09 | Create | Villager (Male) |
| 27:09 | Create | Villager (Male) |
| 27:10 | Create | Villager (Male) |
| 27:10 | Create | Villager (Male) |
| 27:10 | Create | Villager (Male) |
| 27:10 | Create | Villager (Male) |
| 27:10 | Create | Villager (Male) |
| 27:38 | Create | Villager (Male) |
| 27:38 | Create | Villager (Male) |
| 27:38 | Create | Villager (Male) |
| 27:38 | Create | Villager (Male) |
| 27:39 | Create | Villager (Male) |
| 27:51 | Build | University |
| 27:54 | Build | Farm |
| 27:54 | Build | Farm |
| 27:54 | Build | Farm |
| 28:04 | Create | Villager (Male) |
| 28:05 | Create | Villager (Male) |
| 28:05 | Create | Villager (Male) |
| 28:35 | Build | Farm |
| 29:10 | Build | Castle |
| 29:18 | Create | Villager (Male) |
| 29:18 | Create | Villager (Male) |
| 29:19 | Create | Villager (Male) |
| 29:19 | Create | Villager (Male) |
| 29:20 | Create | Villager (Male) |
| 29:27 | Build | Farm |
| 29:28 | Build | Farm |
| 29:29 | Build | Farm |
| 29:30 | Build | Farm |
| 29:31 | Build | Farm |
| 29:31 | Build | Farm |
| 29:32 | Build | Farm |
| 29:57 | Build | Siege Workshop |
| 30:13 | Build | Siege Workshop |
| 30:27 | Create | Mangonel |
| 30:27 | Create | Mangonel |
| 30:27 | Create | Mangonel |
| 30:27 | Create | Mangonel |
Build order — Sky_二哥
First 150 of 4130 actions detected
| 0:01 | Create | Villager (Male) |
| 0:02 | Create | Villager (Male) |
| 0:02 | Create | Villager (Male) |
| 0:03 | Build | House |
| 0:06 | Build | House |
| 0:43 | Create | Villager (Male) |
| 0:44 | Create | Villager (Male) |
| 0:44 | Create | Villager (Male) |
| 0:44 | Create | Villager (Male) |
| 1:27 | Create | Villager (Male) |
| 2:16 | Create | Villager (Male) |
| 2:16 | Create | Villager (Male) |
| 2:16 | Create | Villager (Male) |
| 2:22 | Build | Lumber Camp |
| 2:56 | Create | Villager (Male) |
| 2:56 | Create | Villager (Male) |
| 3:12 | Build | House |
| 3:30 | Create | Villager (Male) |
| 3:30 | Create | Villager (Male) |
| 4:39 | Create | Villager (Male) |
| 4:39 | Create | Villager (Male) |
| 4:39 | Create | Villager (Male) |
| 4:40 | Create | Villager (Male) |
| 4:40 | Create | Villager (Male) |
| 4:56 | Research | Loom |
| 4:59 | Create | Villager (Male) |
| 4:59 | Create | Villager (Male) |
| 4:59 | Create | Villager (Male) |
| 5:18 | Build | Mill |
| 6:10 | Create | Villager (Male) |
| 6:10 | Create | Villager (Male) |
| 6:31 | Create | Villager (Male) |
| 6:32 | Create | Villager (Male) |
| 6:32 | Create | Villager (Male) |
| 6:45 | Build | House |
| 6:47 | Build | House |
| 6:51 | Build | House |
| 7:01 | Create | Villager (Male) |
| 7:01 | Create | Villager (Male) |
| 7:02 | Create | Villager (Male) |
| 7:02 | Create | Villager (Male) |
| 7:02 | Create | Villager (Male) |
| 7:03 | Create | Villager (Male) |
| 7:03 | Create | Villager (Male) |
| 7:20 | Build | Mining Camp |
| 7:27 | Create | Villager (Male) |
| 7:55 | Create | Villager (Male) |
| 7:56 | Create | Villager (Male) |
| 7:56 | Create | Villager (Male) |
| 7:56 | Create | Villager (Male) |
| 8:22 | Build | House |
| 8:31 | Build | House |
| 8:34 | Build | House |
| 8:40 | Build | Palisade Gate |
| 8:43 | Build | House |
| 8:48 | Build | House |
| 8:51 | Build | House |
| 9:39 | Create | Villager (Male) |
| 9:40 | Create | Villager (Male) |
| 9:40 | Create | Villager (Male) |
| 9:40 | Create | Villager (Male) |
| 9:40 | Create | Villager (Male) |
| 9:41 | Create | Villager (Male) |
| 10:13 | Build | Farm |
| 10:14 | Build | Farm |
| 10:17 | Build | Farm |
| 10:24 | Build | Farm |
| 10:34 | Research | Feudal Age |
| 11:04 | Build | Farm |
| 11:08 | Build | Farm |
| 11:12 | Build | Farm |
| 11:31 | Build | House |
| 11:43 | Build | Palisade Gate |
| 11:57 | Create | Villager (Male) |
| 11:58 | Create | Villager (Male) |
| 11:58 | Create | Villager (Male) |
| 12:24 | Build | Farm |
| 12:49 | Age | Feudal Age |
| 12:52 | Build | Farm |
| 13:10 | Build | Market |
| 13:56 | Build | Blacksmith |
| 14:13 | Create | Villager (Male) |
| 14:22 | Build | Mining Camp |
| 14:49 | Research | Castle Age |
| 16:12 | Create | Trade Cart |
| 16:12 | Create | Trade Cart |
| 16:51 | Build | Barracks |
| 17:06 | Build | Farm |
| 17:11 | Research | Double-Bit Axe |
| 17:14 | Research | Horse Collar |
| 17:29 | Age | Castle Age |
| 17:33 | Build | Monastery |
| 17:37 | Create | Villager (Male) |
| 17:37 | Create | Villager (Male) |
| 17:38 | Create | Villager (Male) |
| 17:38 | Create | Villager (Male) |
| 17:39 | Create | Villager (Male) |
| 17:43 | Research | Bow Saw |
| 17:51 | Research | Heavy Plow |
| 18:14 | Create | Monk |
| 18:28 | Create | Villager (Male) |
| 18:33 | Build | Farm |
| 18:45 | Create | Monk |
| 18:56 | Create | Trade Cart |
| 19:26 | Create | Villager (Male) |
| 19:27 | Create | Villager (Male) |
| 19:38 | Build | Town Center |
| 20:18 | Create | Villager (Male) |
| 20:18 | Create | Villager (Male) |
| 20:18 | Create | Villager (Male) |
| 20:19 | Create | Villager (Male) |
| 20:19 | Create | Villager (Male) |
| 20:19 | Create | Villager (Male) |
| 20:32 | Build | Farm |
| 20:38 | Build | Farm |
| 20:40 | Create | Villager (Male) |
| 20:42 | Research | Wheelbarrow |
| 20:45 | Create | Villager (Male) |
| 20:49 | Create | Trade Cart |
| 20:54 | Build | House |
| 20:56 | Build | House |
| 20:57 | Build | House |
| 20:58 | Build | House |
| 21:22 | Research | Pikeman (upgrade) |
| 21:23 | Research | Squires |
| 21:25 | Create | Spearman |
| 21:25 | Create | Spearman |
| 22:00 | Create | Villager (Male) |
| 22:01 | Create | Villager (Male) |
| 22:08 | Build | Farm |
| 22:10 | Build | Farm |
| 22:12 | Build | Farm |
| 22:15 | Build | Farm |
| 22:30 | Build | Lumber Camp |
| 22:36 | Build | Lumber Camp |
| 22:39 | Create | Villager (Male) |
| 22:57 | Create | Spearman |
| 22:57 | Create | Spearman |
| 22:57 | Create | Spearman |
| 23:00 | Create | Villager (Male) |
| 23:01 | Create | Villager (Male) |
| 23:05 | Build | Town Center |
| 23:12 | Build | Mining Camp |
| 23:14 | Create | Villager (Male) |
| 23:15 | Create | Villager (Male) |
| 23:27 | Create | Spearman |
| 23:33 | Create | Trade Cart |
| 23:35 | Create | Trade Cart |
| 23:35 | Create | Trade Cart |
| 23:35 | Create | Trade Cart |
Build order — 二手煙
First 150 of 1217 actions detected
| 0:02 | Create | Villager (Male) ×4 |
| 0:03 | Create | Villager (Male) ×4 |
| 0:07 | Build | House |
| 0:41 | Build | House |
| 1:35 | Create | Villager (Male) |
| 1:35 | Create | Villager (Male) |
| 2:09 | Create | Villager (Male) |
| 2:46 | Create | Villager (Male) |
| 2:46 | Create | Villager (Male) |
| 2:47 | Create | Villager (Male) |
| 3:36 | Build | House |
| 4:03 | Create | Villager (Male) |
| 4:03 | Create | Villager (Male) |
| 4:03 | Create | Villager (Male) |
| 4:38 | Create | Villager (Male) |
| 5:09 | Build | Lumber Camp |
| 5:11 | Create | Villager (Male) |
| 5:33 | Create | Villager (Male) |
| 5:44 | Create | Villager (Male) |
| 5:48 | Build | House |
| 5:57 | Create | Villager (Male) |
| 6:18 | Build | Mill |
| 6:23 | Create | Villager (Male) |
| 7:16 | Create | Villager (Male) |
| 7:39 | Create | Villager (Male) |
| 8:14 | Research | Feudal Age |
| 8:37 | Build | Barracks |
| 8:59 | Create | Villager (Male) |
| 9:18 | Create | Villager (Male) |
| 9:31 | Build | Mining Camp |
| 10:19 | Create | Villager (Male) |
| 10:24 | Age | Feudal Age |
| 10:29 | Create | Villager (Male) |
| 10:35 | Build | House |
| 10:53 | Build | Blacksmith |
| 11:18 | Build | Stable |
| 11:27 | Build | House |
| 11:28 | Build | House |
| 11:39 | Create | Villager (Male) |
| 13:16 | Research | Castle Age |
| 13:29 | Research | Double-Bit Axe |
| 13:57 | Build | Mining Camp |
| 14:08 | Build | Farm |
| 14:08 | Build | Farm |
| 14:10 | Build | Farm |
| 14:11 | Build | Farm |
| 14:21 | Build | Farm |
| 14:27 | Build | Farm |
| 15:20 | Research | Gold Mining |
| 15:32 | Build | Farm |
| 15:34 | Build | Farm |
| 15:39 | Create | Villager (Male) |
| 15:39 | Create | Villager (Male) |
| 15:56 | Age | Castle Age |
| 15:57 | Create | Knight |
| 15:57 | Create | Knight |
| 15:57 | Create | Knight |
| 16:29 | Create | Villager (Male) |
| 17:01 | Create | Villager (Male) |
| 17:04 | Create | Knight |
| 17:13 | Build | Farm |
| 17:14 | Build | Farm |
| 17:29 | Build | Town Center |
| 17:35 | Create | Knight |
| 17:45 | Build | Farm |
| 18:24 | Create | Villager (Male) |
| 18:24 | Create | Villager (Male) |
| 18:24 | Create | Villager (Male) |
| 19:03 | Create | Villager (Male) |
| 19:30 | Create | Villager (Male) |
| 19:31 | Create | Villager (Male) |
| 19:38 | Create | Villager (Male) |
| 19:50 | Create | Villager (Male) |
| 20:05 | Create | Villager (Male) |
| 20:28 | Create | Villager (Male) |
| 20:39 | Build | House |
| 20:40 | Build | House |
| 20:42 | Build | House |
| 20:58 | Research | Loom |
| 21:02 | Research | Wheelbarrow |
| 21:11 | Build | Farm |
| 21:12 | Build | Farm |
| 21:13 | Build | Farm |
| 21:27 | Create | Villager (Male) |
| 21:35 | Create | Villager (Male) |
| 21:54 | Create | Villager (Male) |
| 21:55 | Create | Villager (Male) |
| 22:07 | Create | Villager (Male) |
| 22:08 | Create | Villager (Male) |
| 22:22 | Create | Villager (Male) |
| 22:22 | Create | Villager (Male) |
| 22:26 | Create | Knight |
| 22:39 | Build | Farm |
| 22:40 | Build | Farm |
| 22:53 | Build | Stone Wall |
| 22:56 | Create | Villager (Male) |
| 22:56 | Create | Villager (Male) |
| 23:10 | Build | Castle |
| 23:19 | Build | Farm |
| 23:21 | Create | Villager (Male) |
| 23:36 | Create | Villager (Male) |
| 23:36 | Create | Villager (Male) |
| 23:48 | Create | Knight |
| 24:06 | Create | Villager (Male) |
| 24:11 | Create | Villager (Male) |
| 24:41 | Research | Cavalier (upgrade) |
| 24:52 | Build | House |
| 24:56 | Build | House |
| 24:58 | Build | House |
| 25:00 | Build | House |
| 25:01 | Build | House |
| 25:25 | Create | Knight |
| 25:34 | Create | Villager (Male) |
| 25:34 | Create | Villager (Male) |
| 25:53 | Build | Stone Wall |
| 25:58 | Create | Villager (Male) |
| 25:58 | Create | Villager (Male) |
| 26:08 | Build | Mill |
| 26:11 | Build | Farm |
| 26:12 | Build | Farm |
| 26:14 | Build | Farm |
| 26:14 | Build | Farm |
| 26:21 | Research | Horse Collar |
| 26:26 | Create | Villager (Male) |
| 26:26 | Create | Villager (Male) |
| 26:28 | Create | Villager (Male) |
| 26:28 | Create | Villager (Male) |
| 26:29 | Create | Villager (Male) |
| 26:47 | Build | Farm |
| 27:01 | Build | Farm |
| 27:02 | Build | Farm |
| 27:13 | Build | Farm |
| 27:17 | Build | Farm |
| 27:19 | Create | Villager (Male) |
| 27:19 | Create | Villager (Male) |
| 27:35 | Build | University |
| 27:41 | Build | House |
| 27:57 | Build | Mining Camp |
| 28:10 | Build | Mill |
| 28:13 | Build | Farm |
| 28:14 | Build | Farm |
| 28:16 | Build | Farm |
| 28:17 | Build | Farm |
| 28:30 | Build | Farm |
| 28:36 | Create | Knight |
| 28:36 | Create | Knight |
| 28:36 | Create | Knight |
| 28:36 | Create | Knight |
| 28:42 | Research | Scale Barding Armor |
| 28:43 | Research | Forging |
Build order — 323180800
First 150 of 2873 actions detected
| 0:04 | Create | Villager (Male) |
| 0:05 | Create | Villager (Male) |
| 0:05 | Create | Villager (Male) |
| 0:05 | Create | Villager (Male) |
| 0:07 | Build | House |
| 0:09 | Build | House |
| 1:29 | Create | Villager (Male) |
| 2:07 | Create | Villager (Male) |
| 2:08 | Create | Villager (Male) |
| 2:23 | Create | Villager (Male) |
| 2:54 | Create | Villager (Male) |
| 3:01 | Create | Villager (Male) |
| 3:01 | Create | Villager (Male) |
| 3:26 | Build | Mill |
| 3:31 | Create | Villager (Male) |
| 3:51 | Build | House |
| 4:08 | Create | Villager (Male) |
| 4:09 | Create | Villager (Male) |
| 4:27 | Create | Villager (Male) |
| 4:27 | Create | Villager (Male) |
| 4:45 | Create | Villager (Male) |
| 4:53 | Create | Villager (Male) |
| 5:02 | Create | Villager (Male) |
| 5:02 | Create | Villager (Male) |
| 5:36 | Create | Villager (Male) |
| 5:39 | Create | Villager (Male) |
| 5:50 | Create | Villager (Male) |
| 6:07 | Create | Villager (Male) |
| 6:22 | Create | Villager (Male) |
| 6:33 | Build | House |
| 6:49 | Create | Villager (Male) |
| 7:13 | Create | Villager (Male) |
| 7:16 | Create | Villager (Male) |
| 7:27 | Research | Feudal Age |
| 7:27 | Research | Feudal Age |
| 7:27 | Research | Feudal Age |
| 7:54 | Create | Villager (Male) |
| 8:51 | Build | Mining Camp |
| 9:47 | Age | Feudal Age |
| 10:30 | Build | Lumber Camp |
| 11:05 | Build | Lumber Camp |
| 11:10 | Research | Castle Age |
| 11:11 | Research | Castle Age |
| 11:11 | Research | Castle Age |
| 11:44 | Build | Watch Tower |
| 12:05 | Create | Villager (Male) |
| 12:15 | Build | Mining Camp |
| 12:22 | Build | Farm |
| 12:34 | Build | Farm |
| 13:50 | Age | Castle Age |
| 13:57 | Build | Watch Tower |
| 14:08 | Create | Villager (Male) |
| 14:17 | Research | Loom |
| 14:22 | Build | Farm |
| 14:26 | Build | Farm |
| 14:27 | Build | Farm |
| 16:14 | Create | Villager (Male) |
| 16:14 | Create | Villager (Male) |
| 16:14 | Create | Villager (Male) |
| 16:19 | Build | Farm |
| 16:19 | Build | Farm |
| 16:19 | Build | Farm |
| 16:19 | Build | Farm |
| 16:19 | Build | Farm |
| 17:27 | Create | Villager (Male) |
| 17:48 | Build | Castle |
| 18:10 | Create | Villager (Male) |
| 18:11 | Create | Villager (Male) |
| 18:41 | Create | Villager (Male) |
| 19:03 | Create | Villager (Male) |
| 19:16 | Create | Ballista Elephant |
| 19:38 | Build | Farm |
| 20:13 | Research | Wheelbarrow |
| 20:46 | Research | Horse Collar |
| 20:46 | Research | Horse Collar |
| 21:25 | Build | Palisade Wall |
| 21:28 | Build | Palisade Wall |
| 21:29 | Build | Palisade Wall |
| 21:30 | Build | Palisade Wall |
| 21:34 | Create | Villager (Male) |
| 21:42 | Create | Villager (Male) |
| 21:56 | Create | Villager (Male) |
| 22:02 | Research | Double-Bit Axe |
| 22:02 | Research | Double-Bit Axe |
| 22:19 | Create | Villager (Male) |
| 22:37 | Build | Farm |
| 23:15 | Build | House |
| 23:29 | Build | House |
| 23:38 | Build | Palisade Wall |
| 23:44 | Build | Palisade Wall |
| 23:46 | Build | Palisade Wall |
| 23:46 | Build | Palisade Wall |
| 24:03 | Create | Villager (Male) |
| 24:10 | Create | Ballista Elephant |
| 24:37 | Create | Villager (Male) |
| 24:46 | Build | Town Center |
| 24:56 | Create | Villager (Male) |
| 25:28 | Create | Ballista Elephant |
| 25:31 | Create | Villager (Male) |
| 25:32 | Create | Villager (Male) |
| 25:40 | Build | House |
| 25:42 | Build | House |
| 25:48 | Create | Villager (Male) |
| 26:09 | Create | Villager (Male) |
| 26:33 | Build | Palisade Wall |
| 26:37 | Build | Palisade Wall |
| 26:38 | Build | Palisade Wall |
| 26:40 | Build | Palisade Wall |
| 26:40 | Build | Palisade Wall |
| 26:43 | Build | Palisade Wall |
| 26:46 | Build | House |
| 26:51 | Build | House |
| 26:53 | Build | House |
| 27:00 | Build | Palisade Wall |
| 27:00 | Build | Palisade Wall |
| 27:00 | Build | Palisade Wall |
| 27:02 | Build | Palisade Wall |
| 27:05 | Create | Villager (Male) |
| 27:06 | Create | Villager (Male) |
| 27:15 | Create | Villager (Male) |
| 27:22 | Research | Bow Saw |
| 27:22 | Research | Bow Saw |
| 27:38 | Research | Gold Mining |
| 27:38 | Research | Gold Mining |
| 27:38 | Research | Gold Mining |
| 27:39 | Create | Villager (Male) |
| 27:41 | Create | Villager (Male) |
| 27:41 | Create | Villager (Male) |
| 27:42 | Create | Villager (Male) |
| 27:49 | Create | Ballista Elephant |
| 28:06 | Build | Outpost |
| 28:09 | Create | Villager (Male) |
| 28:16 | Build | Farm |
| 28:20 | Build | Farm |
| 28:21 | Build | Farm |
| 28:21 | Build | Farm |
| 28:21 | Build | Farm |
| 28:23 | Create | Villager (Male) |
| 28:44 | Research | Stone Mining |
| 28:50 | Build | Farm |
| 29:00 | Create | Villager (Male) |
| 29:00 | Create | Villager (Male) |
| 29:27 | Build | Outpost |
| 29:33 | Create | Villager (Male) |
| 29:37 | Build | Blacksmith |
| 30:02 | Build | Siege Workshop |
| 30:11 | Create | Villager (Male) |
| 30:11 | Create | Villager (Male) |
| 30:11 | Create | Villager (Male) |
| 30:20 | Build | Farm |
Build order — sinkhere
First 150 of 2151 actions detected
| 0:03 | Build | House |
| 0:04 | Build | House |
| 0:23 | Create | Villager (Male) |
| 0:23 | Create | Villager (Male) |
| 0:30 | Build | House |
| 0:34 | Create | Villager (Male) |
| 0:35 | Create | Villager (Male) |
| 0:35 | Create | Villager (Male) |
| 1:21 | Build | Settlement |
| 2:00 | Create | Villager (Male) |
| 2:00 | Create | Villager (Male) |
| 2:01 | Create | Villager (Male) |
| 2:23 | Create | Villager (Male) |
| 2:24 | Create | Villager (Male) |
| 2:24 | Create | Villager (Male) |
| 2:24 | Create | Villager (Male) |
| 2:25 | Create | Villager (Male) |
| 2:52 | Create | Villager (Male) |
| 2:53 | Create | Villager (Male) |
| 3:30 | Create | Villager (Male) |
| 3:31 | Create | Villager (Male) |
| 3:31 | Create | Villager (Male) |
| 4:15 | Create | Villager (Male) |
| 4:49 | Create | Villager (Male) |
| 5:18 | Build | Settlement |
| 5:25 | Create | Villager (Male) |
| 5:42 | Create | Villager (Male) |
| 6:24 | Create | Villager (Male) |
| 6:24 | Create | Villager (Male) |
| 6:33 | Create | Villager (Male) |
| 7:03 | Create | Villager (Male) |
| 7:48 | Create | Villager (Male) |
| 8:17 | Create | Villager (Male) |
| 8:35 | Create | Villager (Male) |
| 9:02 | Research | Feudal Age |
| 10:22 | Create | Villager (Male) |
| 11:22 | Build | Farm |
| 11:22 | Build | Farm |
| 11:29 | Age | Feudal Age |
| 11:37 | Build | Market |
| 12:01 | Create | Villager (Male) |
| 12:01 | Create | Villager (Male) |
| 12:33 | Build | Farm |
| 12:33 | Build | Farm |
| 12:38 | Create | Villager (Male) |
| 12:56 | Build | Farm |
| 12:56 | Build | Farm |
| 13:33 | Build | Farm |
| 13:50 | Create | Villager (Male) |
| 13:58 | Create | Villager (Male) |
| 14:14 | Build | Blacksmith |
| 15:00 | Research | Castle Age |
| 15:01 | Create | Villager (Male) |
| 15:16 | Create | Villager (Male) |
| 15:16 | Create | Villager (Male) |
| 16:11 | Build | Farm |
| 16:12 | Build | Farm |
| 16:12 | Build | Farm |
| 16:12 | Build | Farm |
| 16:13 | Build | Farm |
| 16:56 | Build | Barracks |
| 17:11 | Create | Villager (Male) |
| 17:21 | Research | Horse Collar |
| 17:25 | Research | Double-Bit Axe |
| 17:40 | Age | Castle Age |
| 17:49 | Create | Villager (Male) |
| 17:59 | Build | Town Center |
| 18:55 | Create | Villager (Male) |
| 19:06 | Create | Villager (Male) |
| 19:10 | Create | Villager (Male) |
| 19:11 | Create | Villager (Male) |
| 19:35 | Build | Town Center |
| 19:51 | Create | Villager (Male) |
| 19:58 | Research | Heavy Plow |
| 20:02 | Research | Bow Saw |
| 20:04 | Create | Villager (Male) |
| 20:46 | Create | Villager (Male) |
| 20:47 | Research | Wheelbarrow |
| 20:49 | Create | Villager (Male) |
| 20:51 | Create | Villager (Male) |
| 20:53 | Create | Villager (Male) |
| 21:03 | Research | Gold Mining |
| 21:07 | Create | Villager (Male) |
| 21:10 | Build | Farm |
| 21:10 | Build | Farm |
| 21:10 | Build | Farm |
| 21:12 | Build | Farm |
| 21:17 | Build | Farm |
| 21:17 | Build | Farm |
| 21:18 | Build | Farm |
| 21:18 | Build | Farm |
| 22:03 | Create | Villager (Male) |
| 22:04 | Create | Villager (Male) |
| 22:04 | Create | Villager (Male) |
| 22:05 | Create | Villager (Male) |
| 22:06 | Create | Villager (Male) |
| 22:28 | Build | Farm |
| 22:34 | Build | Farm |
| 22:35 | Build | Farm |
| 22:35 | Build | Farm |
| 22:35 | Build | Farm |
| 22:35 | Build | Farm |
| 22:48 | Create | Villager (Male) |
| 22:57 | Create | Villager (Male) |
| 23:00 | Research | Hand Cart |
| 23:07 | Create | Villager (Male) |
| 23:08 | Create | Villager (Male) |
| 23:31 | Build | Farm |
| 23:31 | Build | Farm |
| 23:31 | Build | Farm |
| 23:34 | Build | Farm |
| 23:35 | Build | Farm |
| 23:47 | Create | Villager (Male) |
| 23:47 | Create | Villager (Male) |
| 23:57 | Build | Barracks |
| 24:51 | Create | Villager (Male) |
| 24:51 | Create | Villager (Male) |
| 24:51 | Create | Villager (Male) |
| 24:53 | Create | Villager (Male) |
| 25:00 | Build | Farm |
| 25:10 | Build | Farm |
| 25:11 | Build | Farm |
| 25:13 | Build | Farm |
| 25:13 | Build | Farm |
| 25:21 | Create | Villager (Male) |
| 25:22 | Create | Villager (Male) |
| 25:27 | Build | University |
| 25:36 | Build | Siege Workshop |
| 25:41 | Create | Villager (Male) |
| 25:42 | Create | Villager (Male) |
| 25:58 | Build | House |
| 25:59 | Build | House |
| 26:00 | Build | House |
| 26:00 | Build | House |
| 26:01 | Build | House |
| 26:01 | Build | House |
| 26:01 | Build | House |
| 26:01 | Build | House |
| 26:02 | Build | House |
| 26:02 | Build | House |
| 26:03 | Build | House |
| 26:03 | Build | House |
| 26:04 | Build | House |
| 26:07 | Build | House |
| 26:08 | Build | House |
| 26:23 | Research | Imperial Age |
| 26:24 | Create | Villager (Male) |
| 26:28 | Research | Masonry |
| 26:34 | Research | Heavy Plow |
| 26:36 | Research | Gold Shaft Mining |
Match timeline
| 6:10 | FUfuu · wall_segment Palisade Wall x15 |
| 7:49 | FUfuu · wall_segment Palisade Wall x5 |
| 8:02 | FUfuu · wall_segment Palisade Wall x13 |
| 8:37 | 二手煙 · first_building Barracks |
| 8:53 | FUfuu · wall_segment Palisade Wall x4 |
| 9:47 | 323180800 · age_up feudal |
| 10:09 | The Knight · first_building Barracks |
| 10:16 | The Knight · age_up feudal |
| 10:24 | 二手煙 · age_up feudal |
| 10:42 | The Knight · wall_segment Palisade Wall x1 |
| 10:55 | The Knight · first_building Archery Range |
| 11:14 | FUfuu · age_up feudal |
| 11:14 | juanem92 · age_up feudal |
| 11:18 | 二手煙 · first_building Stable |
| 11:29 | sinkhere · age_up feudal |
| 12:16 | 西岸大法咒 · age_up feudal |
| 12:49 | Sky_二哥 · age_up feudal |
| 13:07 | FUfuu · wall_segment Stone Wall x14 |
| 13:10 | juanem92 · first_building Donjon |
| 13:21 | FUfuu · wall_segment Stone Wall x7 |
| 13:45 | FUfuu · wall_segment Stone Wall x5 |
| 13:50 | 323180800 · age_up castle |
| 15:01 | FUfuu · wall_segment Stone Wall x4 |
| 15:09 | The Knight · wall_segment Palisade Wall x5 |
| 15:12 | The Knight · wall_segment Palisade Wall x8 |
| 15:23 | FUfuu · age_up castle |
| 15:46 | FUfuu · first_building Siege Workshop |
| 15:56 | 二手煙 · age_up castle |
| 16:25 | 西岸大法咒 · age_up castle |
| 16:51 | Sky_二哥 · first_building Barracks |
| 16:56 | sinkhere · first_building Barracks |
| 17:29 | Sky_二哥 · age_up castle |
| 17:33 | Sky_二哥 · first_building Monastery |
| 17:40 | sinkhere · age_up castle |
| 17:48 | 323180800 · first_building Castle |
| 18:15 | The Knight · age_up castle |
| 19:19 | juanem92 · wall_segment Stone Wall x20 |
| 21:01 | juanem92 · wall_segment Stone Wall x47 |
| 21:25 | 323180800 · wall_segment Palisade Wall x2 |
| 21:28 | 323180800 · wall_segment Palisade Wall x9 |
| 21:29 | 323180800 · wall_segment Palisade Wall x5 |
| 21:30 | 323180800 · wall_segment Palisade Wall x2 |
| 22:53 | 二手煙 · wall_segment Stone Wall x14 |
| 23:00 | FUfuu · first_building Castle |
| 23:10 | 二手煙 · first_building Castle |
| 23:18 | 西岸大法咒 · first_building Siege Workshop |
| 23:38 | 323180800 · wall_segment Palisade Wall x1 |
| 23:44 | 323180800 · wall_segment Palisade Wall x5 |
| 23:46 | 323180800 · wall_segment Palisade Wall x5 |
| 23:46 | 323180800 · wall_segment Palisade Wall x5 |
| 24:59 | The Knight · wall_segment Stone Wall x6 |
| 25:04 | The Knight · wall_segment Stone Wall x5 |
| 25:06 | The Knight · wall_segment Stone Wall x5 |
| 25:36 | sinkhere · first_building Siege Workshop |
| 25:53 | 二手煙 · wall_segment Stone Wall x11 |
| 25:59 | juanem92 · age_up castle |
| 26:33 | 323180800 · wall_segment Palisade Wall x1 |
| 26:37 | 323180800 · wall_segment Palisade Wall x4 |
| 26:38 | 323180800 · wall_segment Palisade Wall x5 |
| 26:40 | 323180800 · wall_segment Palisade Wall x4 |
| 26:40 | 323180800 · wall_segment Palisade Wall x2 |
| 26:40 | 西岸大法咒 · first_building Castle |
| 26:43 | 323180800 · wall_segment Palisade Wall x3 |
| 26:49 | juanem92 · first_building Castle |
| 27:00 | 323180800 · wall_segment Palisade Wall x3 |
| 27:00 | 323180800 · wall_segment Palisade Wall x1 |
| 27:00 | 323180800 · wall_segment Palisade Wall x1 |
| 27:02 | 323180800 · wall_segment Palisade Wall x3 |
| 27:27 | The Knight · wall_segment Stone Wall x15 |
| 27:58 | Sky_二哥 · first_building Castle |
| 28:30 | The Knight · wall_segment Stone Wall x2 |
| 28:33 | FUfuu · first_building Barracks |
| 28:56 | The Knight · first_building Monastery |
| 29:26 | FUfuu · first_building Monastery |
| 29:33 | sinkhere · age_up imperial |
| 29:34 | The Knight · first_building Castle |
| 29:57 | juanem92 · first_building Siege Workshop |
| 30:02 | 323180800 · first_building Siege Workshop |
| 30:42 | 323180800 · first_building Barracks |
| 31:06 | 323180800 · wall_segment Stone Wall x1 |
| 31:06 | 323180800 · wall_segment Stone Wall x1 |
| 31:08 | 323180800 · wall_segment Stone Wall x4 |
| 31:09 | 323180800 · wall_segment Stone Wall x1 |
| 31:10 | 323180800 · wall_segment Stone Wall x6 |
| 31:18 | 二手煙 · wall_segment Stone Wall x11 |
| 32:26 | 西岸大法咒 · first_building Barracks |
| 32:50 | 323180800 · first_building Monastery |
| 32:58 | The Knight · age_up imperial |
| 33:19 | FUfuu · age_up imperial |
| 33:21 | 二手煙 · age_up imperial |
| 34:02 | juanem92 · age_up imperial |
| 34:18 | Sky_二哥 · first_building Stable |
| 34:45 | Sky_二哥 · age_up imperial |
| 35:01 | 323180800 · wall_segment Stone Wall x4 |
| 35:02 | 323180800 · wall_segment Stone Wall x4 |
| 35:03 | 323180800 · wall_segment Stone Wall x3 |
| 35:04 | 323180800 · wall_segment Stone Wall x4 |
| 35:16 | 323180800 · wall_segment Stone Wall x3 |
| 35:17 | 323180800 · wall_segment Stone Wall x5 |
| 35:45 | 二手煙 · first_building Monastery |
| 36:33 | FUfuu · wall_segment Stone Wall x3 |
| 37:23 | juanem92 · wall_segment Stone Wall x8 |
| 38:16 | 西岸大法咒 · age_up imperial |
| 38:27 | 323180800 · first_market_buy 500 food |
| 38:39 | 西岸大法咒 · wall_segment Stone Wall x1 |
| 38:40 | 西岸大法咒 · wall_segment Stone Wall x1 |
| 39:04 | 323180800 · first_building Stable |
| 39:23 | 323180800 · first_market_sell 100 wood |
| 39:35 | 西岸大法咒 · first_market_sell 100 wood |
| 40:05 | 323180800 · wall_segment Stone Wall x2 |
| 40:05 | 323180800 · wall_segment Stone Wall x2 |
| 40:06 | 323180800 · wall_segment Stone Wall x3 |
| 40:06 | 323180800 · wall_segment Stone Wall x2 |
| 40:18 | juanem92 · wall_segment Stone Wall x5 |
| 41:54 | 西岸大法咒 · first_building Stable |
| 42:21 | Sky_二哥 · first_building Siege Workshop |
| 42:59 | sinkhere · first_building Castle |
| 46:32 | 323180800 · age_up imperial |
| 53:34 | FUfuu · first_market_sell 500 wood |
| 54:33 | 二手煙 · first_building Siege Workshop |
| 54:57 | sinkhere · first_building Monastery |
| 57:46 | juanem92 · first_building Barracks |
| 58:07 | sinkhere · first_market_sell 500 wood |
| 58:21 | 323180800 · wall_segment Stone Wall x5 |
| 58:22 | 323180800 · wall_segment Stone Wall x3 |
| 58:23 | 323180800 · wall_segment Stone Wall x1 |
| 58:23 | 323180800 · wall_segment Stone Wall x2 |
| 58:25 | 323180800 · wall_segment Stone Wall x5 |
| 58:25 | 323180800 · wall_segment Stone Wall x2 |
| 58:26 | 323180800 · wall_segment Stone Wall x4 |
| 58:26 | 323180800 · wall_segment Stone Wall x2 |
| 59:13 | The Knight · first_market_sell 100 food |
| 59:27 | 二手煙 · first_market_sell 100 stone |
| 63:28 | juanem92 · wall_segment Stone Wall x16 |
| 64:06 | 323180800 · first_building Archery Range |
| 65:43 | juanem92 · first_building Stable |
| 68:17 | 西岸大法咒 · tribute_sent a jugador 1 |
| 68:17 | 西岸大法咒 · tribute_sent a jugador 2 |
| 68:17 | 西岸大法咒 · tribute_sent a jugador 4 |
| 68:17 | 西岸大法咒 · tribute_sent a jugador 5 |
| 68:17 | 西岸大法咒 · tribute_sent a jugador 6 |
| 68:17 | 西岸大法咒 · tribute_sent a jugador 7 |
| 68:17 | 西岸大法咒 · tribute_sent a jugador 8 |
| 70:04 | 西岸大法咒 · tribute_sent a jugador 1 |
| 70:04 | 西岸大法咒 · tribute_sent a jugador 2 |
| 70:04 | 西岸大法咒 · tribute_sent a jugador 4 |
| 70:04 | 西岸大法咒 · tribute_sent a jugador 5 |
| 70:04 | 西岸大法咒 · tribute_sent a jugador 6 |
| 70:04 | 西岸大法咒 · tribute_sent a jugador 7 |
| 70:04 | 西岸大法咒 · tribute_sent a jugador 8 |
| 71:36 | FUfuu · tribute_sent a jugador 2 |
| 71:36 | FUfuu · tribute_sent a jugador 3 |
| 71:36 | FUfuu · tribute_sent a jugador 4 |
| 71:36 | FUfuu · tribute_sent a jugador 5 |
| 71:37 | FUfuu · tribute_sent a jugador 6 |
| 71:37 | FUfuu · tribute_sent a jugador 7 |
| 71:37 | FUfuu · tribute_sent a jugador 8 |
| 75:45 | 323180800 · wall_segment Stone Wall x7 |
| 77:52 | FUfuu · first_market_buy 500 stone |
| 78:19 | 西岸大法咒 · tribute_sent a jugador 1 |
| 78:19 | 西岸大法咒 · tribute_sent a jugador 2 |
| 78:19 | 西岸大法咒 · tribute_sent a jugador 4 |
| 78:19 | 西岸大法咒 · tribute_sent a jugador 5 |
| 78:19 | 西岸大法咒 · tribute_sent a jugador 6 |
| 78:19 | 西岸大法咒 · tribute_sent a jugador 7 |
| 78:19 | 西岸大法咒 · tribute_sent a jugador 8 |
| 79:02 | Sky_二哥 · tribute_sent a jugador 1 |
| 79:02 | Sky_二哥 · tribute_sent a jugador 2 |
| 79:02 | Sky_二哥 · tribute_sent a jugador 3 |
| 79:02 | Sky_二哥 · tribute_sent a jugador 4 |
| 79:02 | Sky_二哥 · tribute_sent a jugador 6 |
| 79:02 | Sky_二哥 · tribute_sent a jugador 7 |
| 79:02 | Sky_二哥 · tribute_sent a jugador 8 |
| 80:14 | juanem92 · wall_segment Stone Wall x71 |
| 80:19 | sinkhere · first_market_buy 100 stone |
| 81:43 | FUfuu · wall_segment Stone Wall x4 |
| 82:26 | FUfuu · wall_segment Stone Wall x4 |
| 82:44 | FUfuu · tribute_sent a jugador 2 |
| 82:44 | FUfuu · tribute_sent a jugador 3 |
| 82:44 | FUfuu · tribute_sent a jugador 4 |
| 82:44 | FUfuu · tribute_sent a jugador 5 |
| 82:44 | FUfuu · tribute_sent a jugador 6 |
| 82:44 | FUfuu · tribute_sent a jugador 7 |
| 82:44 | FUfuu · tribute_sent a jugador 8 |
| 82:51 | 西岸大法咒 · tribute_sent a jugador 1 |
| 82:51 | 西岸大法咒 · tribute_sent a jugador 2 |
| 82:51 | 西岸大法咒 · tribute_sent a jugador 4 |
| 82:51 | 西岸大法咒 · tribute_sent a jugador 5 |
| 82:51 | 西岸大法咒 · tribute_sent a jugador 6 |
| 82:51 | 西岸大法咒 · tribute_sent a jugador 7 |
| 82:51 | 西岸大法咒 · tribute_sent a jugador 8 |
| 84:28 | juanem92 · first_market_buy 100 stone |
| 86:20 | FUfuu · wall_segment Stone Wall x28 |
| 87:42 | FUfuu · wall_segment Stone Wall x9 |
| 89:46 | 323180800 · wall_segment Palisade Wall x7 |
| 89:55 | FUfuu · tribute_sent a jugador 2 |
| 89:55 | FUfuu · tribute_sent a jugador 3 |
| 89:55 | FUfuu · tribute_sent a jugador 4 |
| 89:55 | FUfuu · tribute_sent a jugador 5 |
| 89:55 | FUfuu · tribute_sent a jugador 6 |
| 89:55 | FUfuu · tribute_sent a jugador 7 |
| 89:55 | FUfuu · tribute_sent a jugador 8 |
| 90:56 | Sky_二哥 · tribute_sent a jugador 1 |
| 90:56 | Sky_二哥 · tribute_sent a jugador 2 |
| 90:56 | Sky_二哥 · tribute_sent a jugador 3 |
| 90:56 | Sky_二哥 · tribute_sent a jugador 4 |
| 90:56 | Sky_二哥 · tribute_sent a jugador 6 |
| 90:56 | Sky_二哥 · tribute_sent a jugador 7 |
| 90:56 | Sky_二哥 · tribute_sent a jugador 8 |
| 91:01 | FUfuu · tribute_sent a jugador 2 |
| 91:01 | FUfuu · tribute_sent a jugador 3 |
| 91:01 | FUfuu · tribute_sent a jugador 4 |
| 91:01 | FUfuu · tribute_sent a jugador 5 |
| 91:02 | FUfuu · tribute_sent a jugador 6 |
| 91:02 | FUfuu · tribute_sent a jugador 7 |
| 91:02 | FUfuu · tribute_sent a jugador 8 |
| 92:57 | FUfuu · tribute_sent a jugador 2 |
| 92:57 | FUfuu · tribute_sent a jugador 3 |
| 92:57 | FUfuu · tribute_sent a jugador 4 |
| 92:57 | FUfuu · tribute_sent a jugador 5 |
| 92:57 | FUfuu · tribute_sent a jugador 6 |
| 92:57 | FUfuu · tribute_sent a jugador 7 |
| 92:57 | FUfuu · tribute_sent a jugador 8 |
| 93:11 | Sky_二哥 · first_market_buy 100 stone |
| 93:35 | FUfuu · tribute_sent a jugador 2 |
| 93:35 | FUfuu · tribute_sent a jugador 3 |
| 93:35 | FUfuu · tribute_sent a jugador 4 |
| 93:35 | FUfuu · tribute_sent a jugador 5 |
| 93:35 | FUfuu · tribute_sent a jugador 6 |
| 93:35 | FUfuu · tribute_sent a jugador 7 |
| 93:35 | FUfuu · tribute_sent a jugador 8 |
| 94:07 | The Knight · first_market_buy 100 stone |
| 94:32 | FUfuu · wall_segment Stone Wall x6 |
| 94:49 | FUfuu · tribute_sent a jugador 2 |
| 94:49 | FUfuu · tribute_sent a jugador 3 |
| 94:49 | FUfuu · tribute_sent a jugador 4 |
| 94:49 | FUfuu · tribute_sent a jugador 5 |
| 94:49 | FUfuu · tribute_sent a jugador 6 |
| 94:49 | FUfuu · tribute_sent a jugador 7 |
| 94:49 | FUfuu · tribute_sent a jugador 8 |
| 95:21 | 西岸大法咒 · tribute_sent a jugador 1 |
| 95:21 | 西岸大法咒 · tribute_sent a jugador 2 |
| 95:21 | 西岸大法咒 · tribute_sent a jugador 4 |
| 95:21 | 西岸大法咒 · tribute_sent a jugador 5 |
| 95:21 | 西岸大法咒 · tribute_sent a jugador 6 |
| 95:21 | 西岸大法咒 · tribute_sent a jugador 7 |
| 95:21 | 西岸大法咒 · tribute_sent a jugador 8 |
| 96:21 | 二手煙 · first_building Archery Range |
| 98:01 | FUfuu · tribute_sent a jugador 2 |
| 98:01 | FUfuu · tribute_sent a jugador 3 |
| 98:01 | FUfuu · tribute_sent a jugador 4 |
| 98:01 | FUfuu · tribute_sent a jugador 5 |
| 98:02 | FUfuu · tribute_sent a jugador 6 |
| 98:02 | FUfuu · tribute_sent a jugador 7 |
| 98:02 | FUfuu · tribute_sent a jugador 8 |
| 99:10 | FUfuu · tribute_sent a jugador 2 |
| 99:10 | FUfuu · tribute_sent a jugador 3 |
| 99:10 | FUfuu · tribute_sent a jugador 4 |
| 99:10 | FUfuu · tribute_sent a jugador 5 |
| 99:10 | FUfuu · tribute_sent a jugador 6 |
| 99:10 | FUfuu · tribute_sent a jugador 7 |
| 99:10 | FUfuu · tribute_sent a jugador 8 |
| 100:03 | sinkhere · tribute_sent a jugador 1 |
| 100:03 | sinkhere · tribute_sent a jugador 2 |
| 100:03 | sinkhere · tribute_sent a jugador 3 |
| 100:03 | sinkhere · tribute_sent a jugador 4 |
| 100:03 | sinkhere · tribute_sent a jugador 5 |
| 100:03 | sinkhere · tribute_sent a jugador 6 |
| 100:03 | sinkhere · tribute_sent a jugador 7 |
| 100:35 | 二手煙 · wall_segment Stone Wall x5 |
| 100:38 | Sky_二哥 · wall_segment Stone Wall x12 |
| 100:41 | 二手煙 · wall_segment Stone Wall x1 |
| 102:20 | Sky_二哥 · wall_segment Stone Wall x6 |
| 102:36 | 二手煙 · wall_segment Stone Wall x12 |
| 103:16 | Sky_二哥 · wall_segment Stone Wall x12 |
| 104:12 | FUfuu · tribute_sent a jugador 2 |
| 104:12 | FUfuu · tribute_sent a jugador 3 |
| 104:12 | FUfuu · tribute_sent a jugador 4 |
| 104:12 | FUfuu · tribute_sent a jugador 5 |
| 104:12 | FUfuu · tribute_sent a jugador 6 |
| 104:12 | FUfuu · tribute_sent a jugador 7 |
| 104:12 | FUfuu · tribute_sent a jugador 8 |
| 104:54 | FUfuu · tribute_sent a jugador 2 |
| 104:54 | FUfuu · tribute_sent a jugador 3 |
| 104:54 | FUfuu · tribute_sent a jugador 4 |
| 104:54 | FUfuu · tribute_sent a jugador 5 |
| 104:54 | FUfuu · tribute_sent a jugador 6 |
| 104:54 | FUfuu · tribute_sent a jugador 7 |
| 104:54 | FUfuu · tribute_sent a jugador 8 |
| 106:04 | 二手煙 · wall_segment Stone Wall x8 |
| 106:40 | 西岸大法咒 · tribute_sent a jugador 1 |
| 106:40 | 西岸大法咒 · tribute_sent a jugador 2 |
| 106:40 | 西岸大法咒 · tribute_sent a jugador 4 |
| 106:40 | 西岸大法咒 · tribute_sent a jugador 5 |
| 106:40 | 西岸大法咒 · tribute_sent a jugador 6 |
| 106:40 | 西岸大法咒 · tribute_sent a jugador 7 |
| 106:40 | 西岸大法咒 · tribute_sent a jugador 8 |
| 106:41 | FUfuu · tribute_sent a jugador 2 |
| 106:41 | FUfuu · tribute_sent a jugador 3 |
| 106:41 | FUfuu · tribute_sent a jugador 4 |
| 106:41 | FUfuu · tribute_sent a jugador 5 |
| 106:41 | FUfuu · tribute_sent a jugador 6 |
| 106:41 | FUfuu · tribute_sent a jugador 7 |
| 106:41 | FUfuu · tribute_sent a jugador 8 |
| 108:00 | FUfuu · tribute_sent a jugador 2 |
| 108:00 | FUfuu · tribute_sent a jugador 3 |
| 108:00 | FUfuu · tribute_sent a jugador 4 |
| 108:00 | FUfuu · tribute_sent a jugador 5 |
| 108:00 | FUfuu · tribute_sent a jugador 6 |
| 108:00 | FUfuu · tribute_sent a jugador 7 |
| 108:00 | FUfuu · tribute_sent a jugador 8 |
| 108:07 | 西岸大法咒 · tribute_sent a jugador 1 |
| 108:07 | 西岸大法咒 · tribute_sent a jugador 2 |
| 108:07 | 西岸大法咒 · tribute_sent a jugador 4 |
| 108:07 | 西岸大法咒 · tribute_sent a jugador 5 |
| 108:07 | 西岸大法咒 · tribute_sent a jugador 6 |
| 108:07 | 西岸大法咒 · tribute_sent a jugador 7 |
| 108:07 | 西岸大法咒 · tribute_sent a jugador 8 |
| 108:35 | Sky_二哥 · first_market_sell 100 wood |
| 110:37 | FUfuu · tribute_sent a jugador 2 |
| 110:37 | FUfuu · tribute_sent a jugador 3 |
| 110:37 | FUfuu · tribute_sent a jugador 4 |
| 110:37 | FUfuu · tribute_sent a jugador 5 |
| 110:37 | FUfuu · tribute_sent a jugador 6 |
| 110:37 | FUfuu · tribute_sent a jugador 7 |
| 110:37 | FUfuu · tribute_sent a jugador 8 |
| 111:29 | sinkhere · wall_segment Stone Wall x10 |
| 111:35 | sinkhere · wall_segment Stone Wall x43 |
| 113:11 | 西岸大法咒 · resign |
| 114:02 | 二手煙 · wall_segment Stone Wall x9 |
| 116:18 | juanem92 · wall_segment Stone Wall x17 |
| 116:27 | juanem92 · wall_segment Stone Wall x13 |
| 116:34 | juanem92 · wall_segment Stone Wall x13 |
| 116:42 | juanem92 · wall_segment Stone Wall x16 |
| 116:45 | juanem92 · wall_segment Stone Wall x15 |
| 121:11 | 323180800 · wall_segment Palisade Wall x6 |
| 121:12 | 323180800 · wall_segment Palisade Wall x3 |
| 121:12 | 323180800 · wall_segment Palisade Wall x3 |
| 121:13 | 323180800 · wall_segment Palisade Wall x4 |
| 121:14 | 323180800 · wall_segment Palisade Wall x18 |
| 121:15 | 323180800 · wall_segment Palisade Wall x5 |
| 121:16 | 323180800 · wall_segment Palisade Wall x4 |
| 121:16 | 323180800 · wall_segment Palisade Wall x6 |
| 121:17 | 323180800 · wall_segment Palisade Wall x17 |
| 125:19 | 323180800 · wall_segment Palisade Wall x6 |
| 125:20 | 323180800 · wall_segment Palisade Wall x4 |
| 125:20 | 323180800 · wall_segment Palisade Wall x5 |
| 125:21 | 323180800 · wall_segment Palisade Wall x4 |
| 125:21 | 323180800 · wall_segment Palisade Wall x6 |
| 125:22 | 323180800 · wall_segment Palisade Wall x6 |
| 125:22 | 323180800 · wall_segment Palisade Wall x5 |
| 125:22 | 323180800 · wall_segment Palisade Wall x6 |
| 125:24 | 323180800 · wall_segment Palisade Wall x5 |
| 125:24 | 323180800 · wall_segment Palisade Wall x2 |
| 125:25 | 323180800 · wall_segment Palisade Wall x1 |
| 125:25 | 323180800 · wall_segment Palisade Wall x7 |
| 126:11 | FUfuu · tribute_sent a jugador 2 |
| 126:11 | FUfuu · tribute_sent a jugador 3 |
| 126:11 | FUfuu · tribute_sent a jugador 4 |
| 126:11 | FUfuu · tribute_sent a jugador 5 |
| 126:11 | FUfuu · tribute_sent a jugador 6 |
| 126:11 | FUfuu · tribute_sent a jugador 7 |
| 126:11 | FUfuu · tribute_sent a jugador 8 |
| 127:00 | 323180800 · wall_segment Palisade Wall x11 |
| 127:21 | The Knight · first_building Siege Workshop |
| 127:36 | FUfuu · tribute_sent a jugador 2 |
| 127:36 | FUfuu · tribute_sent a jugador 3 |
| 127:36 | FUfuu · tribute_sent a jugador 4 |
| 127:36 | FUfuu · tribute_sent a jugador 5 |
| 127:36 | FUfuu · tribute_sent a jugador 6 |
| 127:36 | FUfuu · tribute_sent a jugador 7 |
| 127:36 | FUfuu · tribute_sent a jugador 8 |
| 128:18 | Sky_二哥 · wall_segment Stone Wall x5 |
| 128:22 | Sky_二哥 · wall_segment Stone Wall x10 |
| 130:04 | FUfuu · tribute_sent a jugador 2 |
| 130:04 | FUfuu · tribute_sent a jugador 3 |
| 130:04 | FUfuu · tribute_sent a jugador 4 |
| 130:04 | FUfuu · tribute_sent a jugador 5 |
| 130:04 | FUfuu · tribute_sent a jugador 6 |
| 130:04 | FUfuu · tribute_sent a jugador 7 |
| 130:04 | FUfuu · tribute_sent a jugador 8 |
| 130:44 | juanem92 · wall_segment Palisade Wall x16 |
| 130:48 | juanem92 · wall_segment Palisade Wall x12 |
| 130:54 | juanem92 · wall_segment Palisade Wall x24 |
| 130:56 | juanem92 · wall_segment Palisade Wall x7 |
| 131:02 | juanem92 · wall_segment Palisade Wall x20 |
| 131:05 | juanem92 · wall_segment Palisade Wall x12 |
| 131:07 | juanem92 · wall_segment Palisade Wall x7 |
| 131:08 | FUfuu · tribute_sent a jugador 2 |
| 131:08 | FUfuu · tribute_sent a jugador 3 |
| 131:08 | FUfuu · tribute_sent a jugador 4 |
| 131:08 | FUfuu · tribute_sent a jugador 5 |
| 131:08 | FUfuu · tribute_sent a jugador 6 |
| 131:08 | FUfuu · tribute_sent a jugador 7 |
| 131:08 | FUfuu · tribute_sent a jugador 8 |
| 131:10 | juanem92 · wall_segment Palisade Wall x12 |
| 131:13 | juanem92 · wall_segment Palisade Wall x6 |
| 131:15 | juanem92 · wall_segment Palisade Wall x7 |
| 131:16 | juanem92 · wall_segment Palisade Wall x6 |
| 131:24 | FUfuu · tribute_sent a jugador 2 |
| 131:24 | FUfuu · tribute_sent a jugador 3 |
| 131:24 | FUfuu · tribute_sent a jugador 4 |
| 131:24 | FUfuu · tribute_sent a jugador 5 |
| 131:24 | FUfuu · tribute_sent a jugador 6 |
| 131:24 | FUfuu · tribute_sent a jugador 7 |
| 131:24 | FUfuu · tribute_sent a jugador 8 |
| 133:08 | FUfuu · tribute_sent a jugador 2 |
| 133:08 | FUfuu · tribute_sent a jugador 3 |
| 133:08 | FUfuu · tribute_sent a jugador 4 |
| 133:08 | FUfuu · tribute_sent a jugador 5 |
| 133:08 | FUfuu · tribute_sent a jugador 6 |
| 133:08 | FUfuu · tribute_sent a jugador 7 |
| 133:08 | FUfuu · tribute_sent a jugador 8 |
| 135:40 | FUfuu · tribute_sent a jugador 2 |
| 135:40 | FUfuu · tribute_sent a jugador 3 |
| 135:40 | FUfuu · tribute_sent a jugador 4 |
| 135:40 | FUfuu · tribute_sent a jugador 5 |
| 135:40 | FUfuu · tribute_sent a jugador 6 |
| 135:40 | FUfuu · tribute_sent a jugador 7 |
| 135:40 | FUfuu · tribute_sent a jugador 8 |
| 136:27 | 323180800 · wall_segment Palisade Wall x6 |
| 136:27 | 323180800 · wall_segment Palisade Wall x5 |
| 136:28 | 323180800 · wall_segment Palisade Wall x3 |
| 136:28 | 323180800 · wall_segment Palisade Wall x5 |
| 136:29 | 323180800 · wall_segment Palisade Wall x4 |
| 137:19 | 323180800 · tribute_sent a jugador 1 |
| 137:19 | 323180800 · tribute_sent a jugador 2 |
| 137:19 | 323180800 · tribute_sent a jugador 3 |
| 137:19 | 323180800 · tribute_sent a jugador 4 |
| 137:19 | 323180800 · tribute_sent a jugador 5 |
| 137:19 | 323180800 · tribute_sent a jugador 6 |
| 137:19 | 323180800 · tribute_sent a jugador 8 |
| 137:58 | FUfuu · tribute_sent a jugador 2 |
| 137:58 | FUfuu · tribute_sent a jugador 3 |
| 137:58 | FUfuu · tribute_sent a jugador 4 |
| 137:58 | FUfuu · tribute_sent a jugador 5 |
| 137:58 | FUfuu · tribute_sent a jugador 6 |
| 137:58 | FUfuu · tribute_sent a jugador 7 |
| 137:58 | FUfuu · tribute_sent a jugador 8 |
| 139:56 | 323180800 · wall_segment Palisade Wall x11 |
| 139:57 | 323180800 · wall_segment Palisade Wall x16 |
| 140:00 | 323180800 · wall_segment Palisade Wall x28 |
| 140:22 | 323180800 · wall_segment Palisade Wall x7 |
| 140:24 | 323180800 · wall_segment Palisade Wall x21 |
| 140:25 | FUfuu · tribute_sent a jugador 2 |
| 140:25 | FUfuu · tribute_sent a jugador 3 |
| 140:25 | FUfuu · tribute_sent a jugador 4 |
| 140:25 | FUfuu · tribute_sent a jugador 5 |
| 140:25 | FUfuu · tribute_sent a jugador 6 |
| 140:25 | FUfuu · tribute_sent a jugador 7 |
| 140:25 | FUfuu · tribute_sent a jugador 8 |
| 142:01 | 323180800 · wall_segment Stone Wall x15 |
| 142:51 | FUfuu · tribute_sent a jugador 2 |
| 142:51 | FUfuu · tribute_sent a jugador 3 |
| 142:51 | FUfuu · tribute_sent a jugador 4 |
| 142:51 | FUfuu · tribute_sent a jugador 5 |
| 142:51 | FUfuu · tribute_sent a jugador 6 |
| 142:51 | FUfuu · tribute_sent a jugador 7 |
| 142:51 | FUfuu · tribute_sent a jugador 8 |
| 143:58 | FUfuu · tribute_sent a jugador 2 |
| 143:58 | FUfuu · tribute_sent a jugador 3 |
| 143:58 | FUfuu · tribute_sent a jugador 4 |
| 143:58 | FUfuu · tribute_sent a jugador 5 |
| 143:58 | FUfuu · tribute_sent a jugador 6 |
| 143:58 | FUfuu · tribute_sent a jugador 7 |
| 143:58 | FUfuu · tribute_sent a jugador 8 |
| 144:53 | FUfuu · tribute_sent a jugador 2 |
| 144:53 | FUfuu · tribute_sent a jugador 3 |
| 144:53 | FUfuu · tribute_sent a jugador 4 |
| 144:53 | FUfuu · tribute_sent a jugador 5 |
| 144:53 | FUfuu · tribute_sent a jugador 6 |
| 144:53 | FUfuu · tribute_sent a jugador 7 |
| 144:53 | FUfuu · tribute_sent a jugador 8 |
| 146:20 | FUfuu · first_building Stable |
| 146:53 | 323180800 · wall_segment Stone Wall x10 |
| 149:31 | FUfuu · wall_segment Stone Wall x5 |
| 150:30 | FUfuu · tribute_sent a jugador 2 |
| 150:30 | FUfuu · tribute_sent a jugador 3 |
| 150:30 | FUfuu · tribute_sent a jugador 4 |
| 150:30 | FUfuu · tribute_sent a jugador 5 |
| 150:30 | FUfuu · tribute_sent a jugador 6 |
| 150:30 | FUfuu · tribute_sent a jugador 7 |
| 150:30 | FUfuu · tribute_sent a jugador 8 |
| 150:34 | 323180800 · wall_segment Stone Wall x8 |
| 150:56 | FUfuu · wall_segment Stone Wall x14 |
| 153:04 | FUfuu · tribute_sent a jugador 2 |
| 153:04 | FUfuu · tribute_sent a jugador 3 |
| 153:04 | FUfuu · tribute_sent a jugador 4 |
| 153:04 | FUfuu · tribute_sent a jugador 5 |
| 153:04 | FUfuu · tribute_sent a jugador 6 |
| 153:04 | FUfuu · tribute_sent a jugador 7 |
| 153:04 | FUfuu · tribute_sent a jugador 8 |
| 154:14 | FUfuu · wall_segment Stone Wall x16 |
| 154:57 | FUfuu · tribute_sent a jugador 2 |
| 154:57 | FUfuu · tribute_sent a jugador 3 |
| 154:57 | FUfuu · tribute_sent a jugador 4 |
| 154:57 | FUfuu · tribute_sent a jugador 5 |
| 154:57 | FUfuu · tribute_sent a jugador 6 |
| 154:57 | FUfuu · tribute_sent a jugador 7 |
| 154:57 | FUfuu · tribute_sent a jugador 8 |
| 158:08 | FUfuu · tribute_sent a jugador 2 |
| 158:08 | FUfuu · tribute_sent a jugador 3 |
| 158:08 | FUfuu · tribute_sent a jugador 4 |
| 158:08 | FUfuu · tribute_sent a jugador 5 |
| 158:08 | FUfuu · tribute_sent a jugador 6 |
| 158:08 | FUfuu · tribute_sent a jugador 7 |
| 158:08 | FUfuu · tribute_sent a jugador 8 |
| 158:40 | 323180800 · tribute_sent a jugador 1 |
| 158:40 | 323180800 · tribute_sent a jugador 2 |
| 158:40 | 323180800 · tribute_sent a jugador 3 |
| 158:40 | 323180800 · tribute_sent a jugador 4 |
| 158:40 | 323180800 · tribute_sent a jugador 5 |
| 158:40 | 323180800 · tribute_sent a jugador 6 |
| 158:40 | 323180800 · tribute_sent a jugador 8 |
| 159:55 | FUfuu · tribute_sent a jugador 2 |
| 159:55 | FUfuu · tribute_sent a jugador 3 |
| 159:55 | FUfuu · tribute_sent a jugador 4 |
| 159:55 | FUfuu · tribute_sent a jugador 5 |
| 159:55 | FUfuu · tribute_sent a jugador 6 |
| 159:55 | FUfuu · tribute_sent a jugador 7 |
| 159:55 | FUfuu · tribute_sent a jugador 8 |
| 160:25 | 323180800 · tribute_sent a jugador 1 |
| 160:25 | 323180800 · tribute_sent a jugador 2 |
| 160:25 | 323180800 · tribute_sent a jugador 3 |
| 160:25 | 323180800 · tribute_sent a jugador 4 |
| 160:25 | 323180800 · tribute_sent a jugador 5 |
| 160:25 | 323180800 · tribute_sent a jugador 6 |
| 160:25 | 323180800 · tribute_sent a jugador 8 |
| 160:28 | FUfuu · tribute_sent a jugador 2 |
| 160:28 | FUfuu · tribute_sent a jugador 3 |
| 160:28 | FUfuu · tribute_sent a jugador 4 |
| 160:28 | FUfuu · tribute_sent a jugador 5 |
| 160:28 | FUfuu · tribute_sent a jugador 6 |
| 160:28 | FUfuu · tribute_sent a jugador 7 |
| 160:28 | FUfuu · tribute_sent a jugador 8 |
| 160:49 | 323180800 · wall_segment Palisade Wall x4 |
| 160:50 | 323180800 · wall_segment Palisade Wall x2 |
| 160:50 | 323180800 · wall_segment Palisade Wall x3 |
| 160:51 | 323180800 · wall_segment Palisade Wall x5 |
| 160:51 | 323180800 · wall_segment Palisade Wall x7 |
| 160:52 | 323180800 · wall_segment Palisade Wall x5 |
| 162:05 | FUfuu · tribute_sent a jugador 2 |
| 162:05 | FUfuu · tribute_sent a jugador 3 |
| 162:05 | FUfuu · tribute_sent a jugador 4 |
| 162:05 | FUfuu · tribute_sent a jugador 5 |
| 162:05 | FUfuu · tribute_sent a jugador 6 |
| 162:05 | FUfuu · tribute_sent a jugador 7 |
| 162:05 | FUfuu · tribute_sent a jugador 8 |
| 163:00 | 323180800 · wall_segment Stone Wall x3 |
| 163:00 | 323180800 · wall_segment Stone Wall x2 |
| 163:00 | 323180800 · wall_segment Stone Wall x2 |
| 163:00 | 323180800 · wall_segment Stone Wall x2 |
| 163:01 | 323180800 · wall_segment Stone Wall x5 |
| 163:02 | 323180800 · wall_segment Stone Wall x7 |
| 163:34 | FUfuu · tribute_sent a jugador 2 |
| 163:34 | FUfuu · tribute_sent a jugador 3 |
| 163:34 | FUfuu · tribute_sent a jugador 4 |
| 163:34 | FUfuu · tribute_sent a jugador 5 |
| 163:34 | FUfuu · tribute_sent a jugador 6 |
| 163:34 | FUfuu · tribute_sent a jugador 7 |
| 163:34 | FUfuu · tribute_sent a jugador 8 |
| 163:41 | The Knight · tribute_sent a jugador 1 |
| 163:41 | The Knight · tribute_sent a jugador 3 |
| 163:41 | The Knight · tribute_sent a jugador 4 |
| 163:41 | The Knight · tribute_sent a jugador 5 |
| 163:41 | The Knight · tribute_sent a jugador 6 |
| 163:41 | The Knight · tribute_sent a jugador 7 |
| 163:41 | The Knight · tribute_sent a jugador 8 |
| 164:00 | The Knight · tribute_sent a jugador 1 |
| 164:00 | The Knight · tribute_sent a jugador 3 |
| 164:00 | The Knight · tribute_sent a jugador 4 |
| 164:00 | The Knight · tribute_sent a jugador 5 |
| 164:00 | The Knight · tribute_sent a jugador 6 |
| 164:00 | The Knight · tribute_sent a jugador 7 |
| 164:00 | The Knight · tribute_sent a jugador 8 |
| 164:04 | FUfuu · wall_segment Stone Wall x18 |
| 164:44 | FUfuu · tribute_sent a jugador 2 |
| 164:44 | FUfuu · tribute_sent a jugador 3 |
| 164:44 | FUfuu · tribute_sent a jugador 4 |
| 164:44 | FUfuu · tribute_sent a jugador 5 |
| 164:44 | FUfuu · tribute_sent a jugador 6 |
| 164:44 | FUfuu · tribute_sent a jugador 7 |
| 164:44 | FUfuu · tribute_sent a jugador 8 |
| 166:11 | FUfuu · tribute_sent a jugador 2 |
| 166:11 | FUfuu · tribute_sent a jugador 3 |
| 166:11 | FUfuu · tribute_sent a jugador 4 |
| 166:11 | FUfuu · tribute_sent a jugador 5 |
| 166:11 | FUfuu · tribute_sent a jugador 6 |
| 166:11 | FUfuu · tribute_sent a jugador 7 |
| 166:11 | FUfuu · tribute_sent a jugador 8 |
| 172:09 | FUfuu · wall_segment Stone Wall x24 |
| 172:40 | FUfuu · wall_segment Stone Wall x18 |
| 172:42 | FUfuu · wall_segment Stone Wall x4 |
| 173:20 | Sky_二哥 · wall_segment Stone Wall x2 |
[ AI ANALYSIS · 1 CREDIT ]
What really happened in this match?
Wolo.gg analyzes every decision: build order, eco, micro, common mistakes by bracket. Personalized analysis on WhatsApp or Discord in 30 seconds.
Civ guide
Britons
Map guide
Oasis
Perfil
Jugador #24430918